 Dungeon Crawl Stone Soup version 0.21.1-1-g345015fe64 (webtiles) character file.

389 Rrauwl the Cudgeler (level 6, -10/61 HPs)
             Began as a Troll Monk on Feb 8, 2018.
             Was an Initiate of Ashenzari.
             Mangled by Crazy Yiuf
             ... wielding a +4 quarterstaff of chaos
              (17 damage)
             ... on level 3 of the Dungeon.
             The game lasted 00:08:46 (2105 turns).

Rrauwl the Cudgeler (Troll Monk)                    Turns: 2105, Time: 00:08:47

Health: -10/61     AC:  5    Str: 21 (22) XL:     6   Next: 49%
Magic:  5/5        EV: 10    Int:  3 (6)  God:    Ashenzari [......]
Gold:   210        SH:  0    Dex: 12      Spells: 5/5 levels left

rFire    . . .     SeeInvis .   a - +0 mace
rCold    . . .     Gourm    +   (no shield)
rNeg     . . .     Faith    .   b - +0 robe
rPois    .         Spirit   .   (helmet restricted)
rElec    .         Reflect  .   (no cloak)
rCorr    .         Harm     .   (gloves unavailable)
MR       .....                  (boots unavailable)
Stlth    +.........             (no amulet)
HPRegen  0.60/turn              (no ring)
MPRegen  0.09/turn              (no ring)

@: drained
A: large, unfitting armour, claws 3, fast metabolism 3, gourmand, regeneration
1, shaggy fur 1, tough skin 2
a: Curse Item, Renounce Religion


You were on level 3 of the Dungeon.
You worshipped Ashenzari.
Ashenzari was noncommittal.
You were completely stuffed.

You visited 1 branch of the dungeon, and saw 3 of its levels.

You collected 210 gold pieces.

Inventory:

Hand Weapons
 a - a +0 mace (weapon)
Missiles
 f - 26 bolts
 k - 2 throwing nets (quivered)
Armour
 b - a +0 robe (worn)
Wands
 e - a wand of iceblast (5)
Scrolls
 d - a scroll of fear
 g - 2 scrolls of teleportation
 h - a scroll of magic mapping
 j - 2 scrolls of identify
 n - 2 scrolls of remove curse
Comestibles
 c - 6 rations
 i - 2 chunks of flesh


   Skills:
 - Level 3.0(2.2) Fighting
 + Level 6.1(5.3) Maces & Flails
 - Level 3.0(2.2) Dodging
 - Level 1.0(0.3) Stealth


You had 5 spell levels left.
You didn't know any spells.

Dungeon Overview and Level Annotations

Branches:
Dungeon (3/15)

Altars:
Ashenzari
Dithmenos
Gozag
Nemelex Xobeh
Ru
Sif Muna
Uskayaw
Vehumet
The Shining One

Annotations:
D:3 Crazy Yiuf


Innate Abilities, Weirdness & Mutations

You are too large for most types of armour.
You have claws for hands.
Your metabolism is lightning-fast.
You like to eat raw meat.
Your natural rate of healing is unusually fast.
You are covered in fur. (AC +1)
You have very tough skin. (AC +2)


Message History

Crazy Yiuf is severely wounded.
Crazy Yiuf glowers.
Crazy Yiuf hits you with a quarterstaff of chaos!
You feel drained.
You closely miss Crazy Yiuf.
Crazy Yiuf is severely wounded.
Crazy Yiuf hits you with a quarterstaff of chaos!
You feel drained.
You barely miss Crazy Yiuf.
Crazy Yiuf is severely wounded.
Crazy Yiuf hits you with a quarterstaff of chaos!
* * * LOW HITPOINT WARNING * * *
Crazy Yiuf freezes you.
* * * LOW HITPOINT WARNING * * *
You barely miss Crazy Yiuf.
Crazy Yiuf is severely wounded.
Crazy Yiuf hits you with a quarterstaff of chaos!
* * * LOW HITPOINT WARNING * * *
You are electrocuted!
You die...

##.....
######################..####
##.)................##..##
#..################[#..##
#.## #...## #.######## #...#
# #.#....#.###*#### #...#
##### #.......#..##...#
#...###....
#......####.@g..#
#.......### ##....## ###..)#
#..#######. ###### *####
#..# ##.. #..# ##..8 #..#
#.... #### #...8 #.#.. #....
###..


You could see Crazy Yiuf.

Vanquished Creatures
  Sigmund (D:3)
  A bullfrog (D:2)
  An orc wizard (D:3)
  Ijyb (D:3)
  3 adders
  2 dart slugs
  A leopard gecko (D:2)
  2 orcs (D:3)
  6 bats
  2 giant cockroaches (D:2)
  12 goblins
  14 hobgoblins
  4 jackals (D:2)
  9 kobolds
  2 quokkas (D:2)
  4 ball pythons
  6 frilled lizards
  6 rats
77 creatures vanquished.

Notes
Turn   | Place    | Note
-------+----------+-------------------------------------------
     0 | D:1      | Rrauwl the Troll Monk began the quest for the Orb.
     0 | D:1      | Reached XP level 1. HP: 22/22 MP: 0/0
   137 | D:1      | Reached XP level 2. HP: 29/29 MP: 1/1
   217 | D:1      | Reached skill level 3 in Maces & Flails
   451 | D:1      | Reached XP level 3. HP: 36/36 MP: 2/2
   858 | D:2      | Found a glowing golden altar of the Shining One.
  1013 | D:2      | Found a hide-covered altar of Uskayaw.
  1019 | D:2      | Noticed a bullfrog
  1032 | D:2      | Killed a bullfrog
  1032 | D:2      | Reached skill level 4 in Maces & Flails
  1032 | D:2      | Reached XP level 4. HP: 28/45 MP: 3/3
  1230 | D:2      | Found a shadowy altar of Dithmenos.
  1366 | D:2      | Found an opulent altar of Gozag.
  1366 | D:2      | Found a faded altar of an unknown god.
  1378 | D:2      | Found a shattered altar of Ashenzari.
  1396 | D:2      | Became a worshipper of Sif Muna the Loreminder
  1396 | D:2      | Reached * piety under Sif Muna
  1396 | D:2      | Reached ** piety under Sif Muna
  1405 | D:2      | Reached XP level 5. HP: 44/53 MP: 4/4
  1410 | D:2      | Found a faded altar of an unknown god.
  1412 | D:2      | Found a sparkling altar of Nemelex Xobeh.
  1416 | D:2      | Fell from the grace of Sif Muna
  1416 | D:2      | Became a worshipper of Vehumet
  1416 | D:2      | Reached * piety under Vehumet
  1416 | D:2      | Offered knowledge of Sandblast by Vehumet.
  1422 | D:2      | Fell from the grace of Vehumet
  1422 | D:2      | Became a worshipper of Ashenzari the Shackled
  1497 | D:3      | Noticed Ijyb
  1525 | D:3      | Killed Ijyb
  1550 | D:3      | Found a sacrificial altar of Ru.
  1568 | D:3      | Reached skill level 5 in Maces & Flails
  1914 | D:3      | Noticed Sigmund
  1935 | D:3      | Killed Sigmund
  1935 | D:3      | Reached skill level 6 in Maces & Flails
  1935 | D:3      | Reached XP level 6. HP: 22/61 MP: 5/5
  2092 | D:3      | Found a runed door.
  2096 | D:3      | Noticed Crazy Yiuf
  2105 | D:3      | Mangled by Crazy Yiuf

Skill      XL: |  1  2  3  4  5 |
---------------+----------------+-----
Maces & Flails | 3 4 6 |  6.1
Fighting       | 3 |  3.0
Dodging        | 3 |  3.0
Stealth        | |  1.0

Action                   |  1- 3 |  4- 6 || total
-------------------------+-------+-------++-------
Melee: Mace              |   142 |   153 ||   295
Evoke: Wand              |       |     2 ||     2
  Use: Potion            |     1 |     7 ||     8
       Scroll            |       |     6 ||     6
 Stab: Sleeping          |     2 |       ||     2
       Invisible         |       |     1 ||     1
       Paralysed         |       |     1 ||     1
  Eat: Chunk             |    15 |    11 ||    26
Armor: Robe              |    66 |    51 ||   117
Dodge: Dodged            |    99 |    91 ||   190
